 Dungeon Crawl Stone Soup version 0.30-a0-451-ge042605de7 (webtiles) character file.

Game seed: 11231111923643425848

693 cforsyth the Trooper (level 7, -10/63 HPs)
             Began as a Minotaur Berserker on Dec 11, 2022.
             Was a Priest of Trog.
             Mangled by a gnoll
             ... wielding a +0 halberd
              (11 damage)
             ... on level 4 of the Dungeon.
             The game lasted 00:04:33 (2160 turns).

cforsyth the Trooper (Minotaur Berserker)           Turns: 2160, Time: 00:04:34

Health: -10/63     AC:  5    Str: 24      XL:     7   Next: 37%
Magic:  6/6        EV: 12    Int:  3 (4)  God:    Trog [***...]
Gold:   220        SH:  0    Dex:  9      Spells: 6/6 levels left

rFire   + . .      SeeInvis .    a - +0 hand axe
rCold   + . .      Faith    .    (no shield)
rNeg    . . .      Spirit   .    k - +1 leather armour "Eroav" {Regen+}
rPois   +          Reflect  .    (helmet restricted)
rElec   +          Harm     .    s - +0 cloak
rCorr   +          Rampage  .    (no gloves)
Will    ++...                    (no boots)
Stlth   +.........               (no amulet)
HPRegen 2.10/turn                (no ring)
MPRegen 0.10/turn                (no ring)

@: resistant, strong-willed (expiring), on berserk cooldown, flying,
regenerating (expiring), slowed, unable to drink, very slow
A: horns 2, retaliatory headbutt, deterioration 1, inability to drink after
injury 1
a: Renounce Religion, Berserk, Trog's Hand


You were on level 4 of the Dungeon.
You worshipped Trog.
Trog was most pleased with you.
You visited 1 branch of the dungeon, and saw 4 of its levels.

You collected 220 gold pieces.

Inventory:

Hand Weapons
 a - a +0 hand axe (weapon)
Missiles
 o - a throwing net (quivered)
Armour
 b - a +0 animal skin
 k - the +1 leather armour "Eroav" (worn) {Regen+}
   (You found it on level 2 of the Dungeon)

   Regen:     It increases your rate of health regeneration.
 s - a +0 cloak (worn)
Jewellery
 g - an amulet of regeneration
Scrolls
 c - a scroll of teleportation {unknown}
 h - a scroll of poison
 p - a scroll of identify
 t - a scroll of fear
 u - a scroll of silence {unknown}
 v - a scroll of blinking {unknown}
Potions
 e - a potion of degeneration {unknown}
 f - 2 potions of curing
 i - a potion of cancellation {unknown}
 j - a potion of mutation
 l - a potion of berserk rage {unknown}
 m - 2 potions of resistance
 n - a potion of flight
 q - a potion of magic {unknown}
 r - a potion of haste {unknown}


   Skills:
 + Level 6.0 Fighting
 + Level 6.0 Axes
 + Level 5.4 Armour
 + Level 4.8 Dodging


You had 6 spell levels left.
You didn't know any spells.
Your spell library was empty.

Dungeon Overview and Level Annotations

Branches:
Dungeon (4/15)
 Temple: D:4-7

Altars:
Elyvilon
Trog


Innate Abilities, Weirdness & Mutations

You have a pair of horns on your head.
You reflexively headbutt those who attack you in melee.
Your body sometimes deteriorates upon taking damage.
You occasionally lose the ability to drink potions when taking damage.


Message History

Your Fighting skill increases to level 6!
Your Axes skill increases to level 6!
Unknown command.
Unknown command.
Unknown command.
You feel better.
A ball python comes into view.
The gnoll misses you. The gnoll hits you with a +0 spear!
* * * LOW HITPOINT WARNING * * *
Unknown command.
Unknown command.
It was a potion of mutation.
You feel extremely strange.
You occasionally lose the ability to drink potions when taking damage.
You feel yourself wasting away. The gnoll hits you with a +0 club.
* * * LOW HITPOINT WARNING * * *
The gnoll hits you but does no damage. The gnoll hits you with a +0 club!
* * * LOW HITPOINT WARNING * * *
Your body deteriorates!
You feel dopey. The gnoll barely misses you.
The gnoll hits you but does no damage.
It was a potion of resistance.
You feel protected. The gnoll closely misses you.
The gnoll hits you with a +0 spear.
* * * LOW HITPOINT WARNING * * *
The orc wizard points at you and mumbles some strange words.
The puff of flame misses you. The gnoll barely misses you.
It was a potion of flight.
You feel very buoyant.
You fly up into the air.
You feel the effects of Trog's Hand fading.
The gnoll hits you with a +0 club.
* * * LOW HITPOINT WARNING * * *
The gnoll hits you with a +0 spear.
* * * LOW HITPOINT WARNING * * *
The orc wizard points at you and mumbles some strange words.
The puff of flame hits you. You resist.
* * * LOW HITPOINT WARNING * * *
The gnoll hits you from afar with a +0 halberd!
You feel threatened and lose the ability to drink potions!
You die...

... ... ..B o°...°.○.○.
.... #.####○O°°..○○...
.... #S.##.°°°......°.
..... #S.. .....○.○°...
.....##.. ....○°.○...
........# #..○○.○○...
........## #.○○..°S○..
.......?.### #@g.$°...)
......#....####g.......
......##g..##g.g.†.....
..... ##..gg..........
.....## #...g..#..°°...
..g.....#...#..#)○...○.
....
#....#.#.......○○...##
#..####......○.○°...#.####
#...###.................##


You could see an ogre, an orc wizard, 3 gnolls and a ball python.

Vanquished Creatures
  Grinder (D:4)
  A black bear (D:4)
  A phantom (D:2)
  A scorpion (D:4)
  A jelly (D:4)
  8 gnolls
  7 adders
  3 dart slugs
  2 worms
  7 orcs (D:3)
  11 endoplasms
  5 giant cockroaches
  8 goblins
  10 hobgoblins
  3 quokkas
  11 ball pythons
  5 bats
  12 frilled lizards
  7 kobolds
  3 rats (D:2)
107 creatures vanquished.

Vanquished Creatures (others)
  A butterfly (D:3)
1 creature vanquished.

Grand Total: 108 creatures vanquished

Notes
Turn   | Place    | Note
-------+----------+-------------------------------------------
     0 | D:1      | cforsyth the Minotaur Berserker began the quest for the
                  | Orb.
     0 | D:1      | Reached XP level 1. HP: 19/19 MP: 0/0
    43 | D:1      | Reached XP level 2. HP: 16/27 MP: 1/1
   452 | D:1      | Reached ** piety under Trog
   453 | D:1      | Reached XP level 3. HP: 29/33 MP: 2/2
   582 | D:2      | Noticed a phantom
   594 | D:2      | Killed a phantom
   595 | D:2      | Reached XP level 4. HP: 16/41 MP: 3/3
   849 | D:2      | Identified the +1 leather armour "Eroav" {Regen+}
   882 | D:2      | Reached XP level 5. HP: 46/47 MP: 4/4
   948 | D:2      | Identified the +0 leather armour "Pacrar" {Stlth+}
  1343 | D:3      | Reached *** piety under Trog
  1344 | D:3      | Reached skill level 5 in Axes
  1350 | D:3      | Reached skill level 5 in Fighting
  1399 | D:3      | Found a faded altar of an unknown god.
  1572 | D:3      | Found a white marble altar of Elyvilon.
  1672 | D:3      | Reached XP level 6. HP: 54/56 MP: 5/5
  1686 | D:3      | Found a bloodstained altar of Trog.
  2126 | D:4      | Noticed Grinder
  2133 | D:4      | Killed Grinder
  2134 | D:4      | Reached skill level 5 in Armour
  2134 | D:4      | Reached XP level 7. HP: 62/62 MP: 6/6
  2158 | D:4      | Gained mutation: You occasionally lose the ability to drink
                  | potions when taking damage. [potion of mutation]
  2158 | D:4      | Gained mutation: Your body sometimes deteriorates upon
                  | taking damage. [potion of mutation]
  2160 | D:4      | HP: 1/63 [orc wizard/puff of flame (4)]
  2160 | D:4      | Mangled by a gnoll

Illustrated notes

Levels and vault maps discovered:
D:1:      lightli_arrival_noodles, layout_rooms, minmay_lizard_pond
D:2:      layout_rooms, minmay_quadrilaterals
D:3:      layout_basic, nicolae_elyvilon_peaceful_grove, bloody_trog,
          shapermc_ecumenical_altar_totnotflames,
          nicolae_kite_square_tiling_tiny,
          nicolae_concentric_dashed_squares_mild
D:4:      layout_cave_pools, minmay_temple_entry_proselytizer,
          portal_sewer_entry_e, uniq_grinder

Skill      XL: |  1  2  3  4  5  6  7 |
---------------+----------------------+-----
Axes           | 4 5 6 |  6.0
Fighting       | 4 5 6 |  6.0
Armour         | 3 4 5 |  5.4
Dodging        | 3 4 |  4.8

Action                   |  1- 3 |  4- 6 |  7- 9 || total
-------------------------+-------+-------+-------++-------
Melee: Hand axe          |    67 |   126 |     2 ||   195
       Headbutt          |     5 |    27 |       ||    32
       Punch             |       |     1 |       ||     1
Invok: Berserk           |     1 |     1 |       ||     2
       Trog's Hand       |       |     1 |     1 ||     2
  Use: Potion            |       |       |     5 ||     5
       Scroll            |       |       |     4 ||     4
Armor: Animal skin       |    12 |     4 |       ||    16
       Leather armour    |       |    28 |    10 ||    38
Dodge: Dodged            |    45 |    76 |    24 ||   145

Table legend: (Time is in decaauts)
 A = Elapsed time spent in this place.
 B = Non-inter-level travel time spent in this place.
 C = Inter-level travel time spent in this place.
 D = Time resting spent in this place.
 E = Time spent auto-exploring this place.
 F = Levels seen in this place.
 G = Mean time per level.
                   A        B        C        D        E       F      G
               +--------+--------+--------+--------+--------+-----+--------+
         Total |   2190 |   2109 |     81 |    116 |   1437 |   4 |  547.5 |
       Dungeon |   2190 |   2109 |     81 |    116 |   1437 |   4 |  547.5 |
               +--------+--------+--------+--------+--------+-----+--------+

Top non-repeatable levels by time:
     D:2: 802 daAuts
     D:3: 732 daAuts
     D:1: 546 daAuts
     D:4: 109 daAuts
